[Event "Titled Tuesday Blitz June 6 Late 2023"]
[White "Sokolovsky, Yahli"]
[Black "Adewumi, Tanitoluwa"]
[WhiteFideId "2820242"]
[BlackFideId "30966396"]
[WhiteElo "2389"]
[BlackElo "2615"]
[Result "0-1"]
[Round "7"]
[TimeControl "180+2"]
[Date "2023.06.07"]
[WhiteClock "0:00:11"]
[BlackClock "0:00:22"]
[Board "32"]

1. b3 Nf6 2. Bb2 g6 3. g3 Bg7 4. Bg2 Nh5 5. Nf3 Bxb2 6. Nc3 Bxc3 7. dxc3 O-O 8. O-O d5 9. Qd2 Qd6 10. Rad1 c6 11. Ng5 f6 12. Nf3 Bg4 13. Nh4 Nd7 14. h3 Be6 15. e4 dxe4 16. Qh6 Qc7 17. Nxg6 hxg6 18. Qxg6+ Ng7 19. Bxe4 f5 20. Bg2 Rf6 21. Qg5 Raf8 22. Rfe1 f4 23. h4 Rf5 24. Qxe7 R8f7 25. Qb4 fxg3 26. f3 Qb6+ 27. Qxb6 axb6 28. Bh3 R5f6 29. Bg2 Bd5 30. Re3 Nf5 31. Re8+ Rf8 32. Ree1 Nxh4 33. c4 Nxg2 0-1


[Site "https://www.chess.com"]

[Event "Titled Tuesday Blitz June 6 Late 2023"]
[White "Vlassov, Nikolai"]
[Black "Oro, Faustino"]
[WhiteFideId "4103360"]
[BlackFideId "20000197"]
[WhiteElo "2324"]
[BlackElo "1984"]
[Result "1-0"]
[Round "7"]
[TimeControl "180+2"]
[Date "2023.06.07"]
[WhiteClock "0:00:13"]
[BlackClock "0:00:01"]
[Board "33"]

1. e4 e5 2. Bc4 Nf6 3. d3 Nc6 4. Nf3 Bc5 5. Bg5 h6 6. Bh4 d6 7. Nc3 g5 8. Bg3 a6 9. Nd2 Ne7 10. h4 g4 11. h5 Be6 12. Bh4 Neg8 13. Nd5 Bxd5 14. exd5 Qd7 15. Ne4 Nxe4 16. dxe4 f6 17. Be2 Qa4 18. Qd3 Qb4+ 19. c3 Qxb2 20. O-O O-O-O 21. Rfb1 Qa3 22. Bxg4+ Kb8 23. Rb3 Qa5 24. Rab1 Bb6 25. Kh2 Rf8 26. f3 Ne7 27. Bd7 Rh7 28. Be6 Rg7 29. Qd2 Rg5 30. Bxg5 fxg5 31. R1b2 Rf4 32. Bg4 Ng8 33. g3 Rf8 34. Bf5 Nf6 35. g4 Qc5 36. Rb1 Ne8 37. Kg2 Ka7 38. a4 Nf6 39. Rb4 Rb8 40. Be6 Ne8 41. Bd7 Nf6 42. Bf5 Ne8 43. Qd3 Nf6 44. Rc4 Qa3 45. Qc2 1-0


[Site "https://www.chess.com"]

[Event "Titled Tuesday Blitz June 6 Late 2023"]
[White "Mendez Fortes, Eduardo Jesus"]
[Black "Gadimbayli, Abdulla"]
[WhiteFideId "3502376"]
[BlackFideId "13404938"]
[WhiteElo "2307"]
[BlackElo "2386"]
[Result "0-1"]
[Round "7"]
[TimeControl "180+2"]
[Date "2023.06.07"]
[WhiteClock "0:00:14"]
[BlackClock "0:00:05"]
[Board "34"]

1. e4 c5 2. Nf3 d6 3. d4 cxd4 4. Nxd4 Nf6 5. Nc3 g6 6. f3 Bg7 7. Be3 Nc6 8. Qd2 h5 9. Bc4 Bd7 10. h4 a6 11. Nxc6 bxc6 12. O-O-O Rb8 13. Bxa6 d5 14. e5 Nh7 15. Qd4 Nf8 16. f4 Ne6 17. Qd2 Qa5 18. Be2 O-O 19. a3 Rfd8 20. Bf2 Bh6 21. g3 Be8 22. Ne4 Qxd2+ 23. Nxd2 c5 24. Nf3 Bc6 25. Ng5 Bxg5 26. hxg5 d4 27. Rh2 Kg7 28. Be1 Bd5 29. Bd2 c4 30. Bb4 Rd7 31. g4 Nxf4 32. gxh5 Nxe2+ 33. Rxe2 Bf3 34. h6+ Kg8 35. h7+ Kh8 36. Rf2 Bxd1 37. Kxd1 Kg7 38. Rh2 Rh8 39. Bd2 Rxh7 40. Rf2 Rh1+ 41. Ke2 Rb1 42. b3 cxb3 43. cxb3 Rxb3 44. a4 Ra3 45. a5 Rd5 46. Rh2 Rxe5+ 47. Kd1 Ra1+ 48. Kc2 Ra2+ 49. Kd3 Rexa5 50. Bf4 Rxh2 51. Bxh2 Rxg5 0-1


[Site "https://www.chess.com"]

[Event "Titled Tuesday Blitz June 6 Late 2023"]
[White "Prohaszka, Peter"]
[Black "Makaraci, Tunahan"]
[WhiteFideId "726265"]
[BlackFideId "6356559"]
[WhiteElo "2626"]
[BlackElo "2160"]
[Result "1-0"]
[Round "7"]
[TimeControl "180+2"]
[Date "2023.06.07"]
[WhiteClock "0:00:19"]
[BlackClock "0:00:04"]
[Board "35"]

1. d4 d5 2. Nf3 c5 3. c4 e6 4. cxd5 exd5 5. Nc3 Nf6 6. Bg5 Be6 7. e3 c4 8. Ne5 Nbd7 9. f4 Bb4 10. Qa4 Qb6 11. Bxf6 gxf6 12. Nxd7 Bxd7 13. Qc2 f5 14. Be2 O-O-O 15. Bf3 Qe6 16. Kf2 Bc6 17. Rae1 Rde8 18. a3 Bd6 19. Re2 Rhg8 20. Ke1 Kb8 21. Kd1 b5 22. b4 Kc7 23. Qb1 Rb8 24. Ke1 a5 25. Kf2 axb4 26. axb4 Ra8 27. Rc1 Ra3 28. g3 Kd7 29. Rcc2 Rga8 30. Qh1 Rxc3 31. Rxc3 Bxb4 32. Rcc2 Bd6 33. Ra2 Rc8 34. Ra7+ Rc7 35. Rea2 b4 36. R2a5 Rxa7 37. Rxa7+ Bc7 38. Qa1 b3 39. Ra6 Qd6 40. Qb1 Qe6 41. h3 h6 42. g4 fxg4 43. Bxg4 1-0


[Site "https://www.chess.com"]

[Event "Titled Tuesday Blitz June 6 Late 2023"]
[White "Mortazavi, Ali"]
[Black "Kushko, Dmitriy"]
[WhiteFideId "401323"]
[BlackFideId "14162261"]
[WhiteElo "2339"]
[BlackElo "2230"]
[Result "1-0"]
[Round "7"]
[TimeControl "180+2"]
[Date "2023.06.07"]
[WhiteClock "0:01:23"]
[BlackClock "0:00:02"]
[Board "36"]

1. Nf3 g6 2. e4 Bg7 3. d4 d6 4. Nc3 a6 5. Be3 b5 6. a4 b4 7. Ne2 Nf6 8. Ng3 O-O 9. h3 Bb7 10. Bd3 Nbd7 11. Qd2 c5 12. c3 bxc3 13. bxc3 Qc7 14. O-O e6 15. Bh6 Rab8 16. Qg5 Rfe8 17. Qh4 Bxh6 18. Qxh6 e5 19. d5 c4 20. Bc2 Ba8 21. Ng5 Rb2 22. Rac1 Qa5 23. Bd1 Reb8 24. Bg4 Qd8 25. Bxd7 Qxd7 26. f4 Ra2 27. Rb1 Rxb1 28. Rxb1 Qa7+ 29. Kh2 exf4 30. Nf5 gxf5 31. Qxf6 fxe4 32. Rb8+ 1-0


[Site "https://www.chess.com"]

[Event "Titled Tuesday Blitz June 6 Late 2023"]
[White "Riff, Jean-Noel"]
[Black "Simonian, Hrair"]
[WhiteFideId "611190"]
[BlackFideId "13302337"]
[WhiteElo "2479"]
[BlackElo "2447"]
[Result "0-1"]
[Round "7"]
[TimeControl "180+2"]
[Date "2023.06.07"]
[WhiteClock "0:00:14"]
[BlackClock "0:01:25"]
[Board "37"]

1. e4 c5 2. Nf3 e6 3. d4 cxd4 4. Nxd4 a6 5. Nc3 b5 6. Bd3 Bc5 7. Nb3 Be7 8. Qg4 g6 9. Qe2 Bb7 10. O-O h5 11. a4 b4 12. Na2 Nc6 13. c3 bxc3 14. Nxc3 Nf6 15. h3 Ne5 16. Bf4 Nxd3 17. Qxd3 d5 18. e5 Ne4 19. Nd4 Rc8 20. Rac1 O-O 21. Bh6 Re8 22. f3 Ng3 23. Rfd1 Bg5 24. Bxg5 Qxg5 25. Re1 h4 26. Qe3 Qxe3+ 27. Rxe3 Rc4 28. Rd1 Bc6 29. b3 Rxd4 30. Rxd4 Nf5 31. Red3 Nxd4 32. Rxd4 Rb8 33. b4 Be8 34. Rxh4 Rc8 35. Ne2 Bxa4 36. Rd4 Bb5 37. Nf4 Rc1+ 38. Kf2 Rf1+ 39. Kg3 Re1 40. h4 Rxe5 41. Kf2 g5 42. hxg5 Rxg5 43. Rd2 Kf8 44. Rc2 Bc4 45. g4 Ke7 46. Kg3 Rg8 47. Ng2 Rb8 48. Ne3 Rxb4 49. f4 a5 50. Kf2 a4 51. Nd1 a3 0-1


[Site "https://www.chess.com"]

[Event "Titled Tuesday Blitz June 6 Late 2023"]
[White "Horvath, Dominik"]
[Black "Golubev, Mikhail"]
[WhiteFideId "1642561"]
[BlackFideId "14100983"]
[WhiteElo "2407"]
[BlackElo "2374"]
[Result "1-0"]
[Round "7"]
[TimeControl "180+2"]
[Date "2023.06.07"]
[WhiteClock "0:00:22"]
[BlackClock "0:00:02"]
[Board "38"]

1. e4 c5 2. Nf3 d6 3. d4 cxd4 4. Nxd4 Nf6 5. Nc3 g6 6. Be3 Bg7 7. f3 Nc6 8. Qd2 O-O 9. O-O-O d5 10. Qe1 e5 11. Nxc6 bxc6 12. exd5 Nxd5 13. Bc5 Qg5+ 14. Kb1 Nxc3+ 15. Qxc3 e4 16. Qe3 Qe5 17. Bd4 Rd8 18. c3 Qa5 19. Bc4 exf3 20. Bxg7 Bf5+ 21. Ka1 Kxg7 22. Qxf3 Rxd1+ 23. Rxd1 Rd8 24. a3 Rxd1+ 25. Qxd1 Qc5 26. Bb3 Qe3 27. Ka2 c5 28. a4 Qe4 29. Qd5 Qxd5 30. Bxd5 f6 31. Kb3 Bd3 32. Bc4 Be4 33. Bf1 Bd5+ 34. c4 Be4 35. a5 Kf8 36. Ka4 Ke7 37. Kb5 Kd6 38. Ka6 Kc7 39. Kxa7 Bc6 40. Ka6 Bd7 41. Be2 Bc6 42. Bf3 Bd7 43. Bd5 g5 44. g4 1-0


[Site "https://www.chess.com"]

[Event "Titled Tuesday Blitz June 6 Late 2023"]
[White "benny_aizenberg"]
[Black "Trifan, Andrei Ioan"]
[BlackFideId "12967068"]
[WhiteElo "2721"]
[BlackElo "2208"]
[Result "1-0"]
[Round "7"]
[TimeControl "180+2"]
[Date "2023.06.07"]
[WhiteClock "0:00:16"]
[BlackClock "0:00:12"]
[Board "39"]

1. d4 Nf6 2. c4 b6 3. Nf3 Bb7 4. g3 e6 5. Bg2 Be7 6. O-O O-O 7. Nc3 d5 8. cxd5 Nxd5 9. Qc2 c5 10. Rd1 Nxc3 11. bxc3 Qc8 12. Ba3 Re8 13. Rac1 Nd7 14. e4 cxd4 15. Bxe7 d3 16. Qxd3 Rxe7 17. Qd6 Qf8 18. Nd4 Nc5 19. Nc6 Ree8 20. e5 Rec8 21. Ne7+ Kh8 22. Nxc8 Qxc8 23. Bxb7 Nxb7 24. Qe7 Nc5 25. Qxf7 h6 26. Rd4 Qa6 27. Rcd1 Qe2 28. Qg6 Rf8 29. R4d2 Qf3 30. Re1 Qxc3 31. Qc2 Qf3 32. Re3 Qf7 33. h4 Qb7 34. Qg6 Qc7 35. Kh2 Qe7 36. f4 Qc7 37. Re1 Qf7 38. Qxf7 Rxf7 39. Rd8+ Kh7 40. Red1 g5 41. hxg5 hxg5 42. fxg5 Kg6 43. Rg8+ Kf5 44. Rf1+ 1-0


[Site "https://www.chess.com"]

[Event "Titled Tuesday Blitz June 6 Late 2023"]
[White "WindWhistler11"]
[Black "Nasuta, Grzegorz"]
[BlackFideId "1141686"]
[WhiteElo "2554"]
[BlackElo "2449"]
[Result "1-0"]
[Round "7"]
[TimeControl "180+2"]
[Date "2023.06.07"]
[WhiteClock "0:00:05"]
[BlackClock "0:00:05"]
[Board "40"]

1. Nf3 b6 2. c4 Bb7 3. Nc3 Nf6 4. d3 c5 5. e4 d6 6. Be2 e6 7. h3 Be7 8. Bf4 O-O 9. O-O Nc6 10. a3 Rc8 11. Rb1 Nd4 12. Re1 Nd7 13. Bh2 Nxf3+ 14. Bxf3 Ne5 15. Be2 Nc6 16. b4 Nd4 17. b5 Bh4 18. Bf1 f5 19. g3 fxe4 20. gxh4 Nf3+ 21. Kh1 Nxe1 22. Qxe1 e3+ 23. Bg2 Bxg2+ 24. Kxg2 Rxf2+ 25. Kh1 Qf6 26. Qxe3 Rf3 27. Qe2 Rxh3 28. Ne4 Qd4 29. Qg4 Rxh2+ 30. Kxh2 Qe5+ 31. Kh1 Rf8 32. Rg1 Rf4 33. Qg3 g6 34. Rg2 d5 35. cxd5 exd5 36. Ng5 Rf1+ 37. Kh2 Qxg3+ 38. Rxg3 Ra1 39. d4 c4 40. Ne6 Rd1 41. Rf3 h5 42. Rf8+ Kh7 43. Rf7+ Kg8 44. Rf8+ Kh7 45. Rd8 c3 46. Rd7+ Kg8 47. Rc7 Rd2+ 48. Kg3 c2 49. Kf4 Re2 50. Ng5 Kf8 51. Kf3 Rd2 52. Ke3 Rh2 53. Kf4 Rxh4+ 54. Ke5 Rh2 55. Ne6+ Ke8 56. Kd6 1-0


[Site "https://www.chess.com"]

[Event "Titled Tuesday Blitz June 6 Late 2023"]
[White "Tanenbaum, Zachary"]
[Black "Machidon, Cristi"]
[WhiteFideId "2060850"]
[BlackFideId "13904590"]
[WhiteElo "2207"]
[BlackElo "2355"]
[Result "1-0"]
[Round "7"]
[TimeControl "180+2"]
[Date "2023.06.07"]
[WhiteClock "0:00:26"]
[BlackClock "0:00:02"]
[Board "41"]

1. e4 c6 2. d4 d5 3. exd5 cxd5 4. Bd3 Nc6 5. c3 Nf6 6. Bf4 Bg4 7. Qb3 Qd7 8. Nd2 e6 9. Ngf3 Bd6 10. Bxd6 Qxd6 11. O-O O-O 12. Rfe1 Qc7 13. Qc2 Bh5 14. Ne5 Bg6 15. Bxg6 hxg6 16. Qd3 Nxe5 17. dxe5 Nd7 18. Nf3 Qc4 19. Qe3 b5 20. b3 Qc5 21. Qd2 Rfc8 22. Re3 a5 23. Ng5 b4 24. c4 Nb6 25. Rh3 Nxc4 26. bxc4 Qxc4 27. Re1 a4 28. Rf3 b3 29. axb3 axb3 30. Nxf7 Ra2 31. Qg5 Qe2 32. Re3 Qc2 33. Nd6 b2 34. Qg4 b1=Q 35. Qxe6+ Kf8 36. Qf7# 1-0


[Site "https://www.chess.com"]

[Event "Titled Tuesday Blitz June 6 Late 2023"]
[White "D`Arruda, Ricardo D."]
[Black "Gritsenko, Nikolai"]
[WhiteFideId "100692"]
[BlackFideId "14112493"]
[WhiteElo "2545"]
[BlackElo "2389"]
[Result "0-1"]
[Round "7"]
[TimeControl "180+2"]
[Date "2023.06.07"]
[WhiteClock "0:00:08"]
[BlackClock "0:00:21"]
[Board "42"]

1. Nf3 c5 2. d3 Nc6 3. g3 g6 4. Bg2 Bg7 5. O-O d6 6. e4 e5 7. Nbd2 Nge7 8. Nc4 O-O 9. c3 h6 10. a4 f5 11. Nh4 f4 12. Bf3 g5 13. Ng2 Be6 14. Bg4 Bf7 15. h4 Bf6 16. hxg5 hxg5 17. Ne1 Kg7 18. Kg2 Rh8 19. Nf3 Ng8 20. Rh1 Nh6 21. Nh2 Qe7 22. Bh5 Be6 23. Bd2 Raf8 24. Qe2 Rh7 25. Bf3 Qd7 26. g4 Ne7 27. Rag1 Ng6 28. Kf1 Rfh8 29. Bc1 Nf7 30. Rg2 Qxa4 31. Qd1 Qd7 32. Be2 b5 33. Nd2 a6 34. f3 Rh6 35. Kg1 R8h7 36. Ndf1 a5 37. Bd2 a4 38. Be1 Qa7 39. Qa1 Bd8 40. Nd2 Bb6 41. Bf2 Nh4 42. c4 Nxg2 43. Kxg2 b4 44. Bd1 Bd7 45. Kg1 Nh8 46. Kg2 Ng6 47. Kg1 Nh4 48. Kf1 Ng6 49. Kg2 Qa8 50. Bc2 Qh8 51. Ndf1 b3 52. Bd1 Nh4+ 53. Bxh4 Rxh4 54. Qc1 Qa8 55. Qb1 Qa5 56. Qc1 Qe1 57. Qd2 Qxd2+ 58. Nxd2 Ba5 59. Nb1 Bb4 60. Be2 Rh8 61. Bd1 Ra8 62. Be2 a3 63. bxa3 Bxa3 64. Nxa3 Rxa3 65. Rb1 Ra2 66. Re1 b2 67. Kg1 Ra1 0-1


[Site "https://www.chess.com"]

[Event "Titled Tuesday Blitz June 6 Late 2023"]
[White "Jaracz, Pawel"]
[Black "Jimenez Almeida, Luis David"]
[WhiteFideId "1102222"]
[BlackFideId "22242244"]
[WhiteElo "2454"]
[BlackElo "2245"]
[Result "0-1"]
[Round "7"]
[TimeControl "180+2"]
[Date "2023.06.07"]
[WhiteClock "0:00:02"]
[BlackClock "0:00:03"]
[Board "43"]

1. e4 c5 2. Nf3 e6 3. d4 cxd4 4. Nxd4 a6 5. Bd3 Qc7 6. O-O Nc6 7. Nxc6 bxc6 8. c4 Nf6 9. Nc3 e5 10. Kh1 Be7 11. Be3 d6 12. h3 Be6 13. Rc1 O-O 14. Nd5 Qb7 15. Nxe7+ Qxe7 16. f4 exf4 17. Bxf4 Nd7 18. Be2 Ne5 19. c5 Rfd8 20. Qa4 f6 21. cxd6 Rxd6 22. Bxe5 fxe5 23. Rxc6 Qd7 24. Rfc1 Bxh3 25. Qb3+ Be6 26. Rxd6 Qxd6 27. Bc4 Re8 28. Bxe6+ Rxe6 29. Rc8+ Kf7 30. Qf3+ Rf6 31. Qh5+ Rg6 32. Qf3+ Rf6 33. Qb3+ Kg6 34. Rc3 Rf1+ 35. Kh2 h6 36. Qg8 Qf6 37. Rg3+ Kh5 38. Qe8+ g6 39. Rh3+ Kg5 40. Rg3+ Kh5 41. Qd7 g5 42. Qe8+ Qf7 43. Rh3+ Kg6 44. Qxe5 Qf4+ 45. Qxf4 Rxf4 0-1


[Site "https://www.chess.com"]

[Event "Titled Tuesday Blitz June 6 Late 2023"]
[White "Pinheiro, Iung Alicio de O."]
[Black "Sun, Rick"]
[WhiteFideId "2104350"]
[BlackFideId "30909481"]
[WhiteElo "2283"]
[BlackElo "2169"]
[Result "0-1"]
[Round "7"]
[TimeControl "180+2"]
[Date "2023.06.07"]
[WhiteClock "0:00:22"]
[BlackClock "0:00:08"]
[Board "44"]

1. d4 d6 2. e4 Nf6 3. Nc3 Nbd7 4. Nf3 e5 5. Rg1 c6 6. g4 b5 7. g5 Ng8 8. a3 Bb7 9. Be3 Qc7 10. h4 Ne7 11. Bh3 Nb6 12. dxe5 dxe5 13. b3 Ng6 14. Ne2 Rd8 15. Qc1 c5 16. h5 Ne7 17. Ng3 Nc6 18. c3 Na5 19. Rb1 c4 20. b4 Nb3 21. Qc2 Na4 22. Kf1 Rd3 23. Ne2 Bc6 24. g6 Bxe4 25. gxf7+ Qxf7 26. Ng5 Qxh5 27. Bg4 Qg6 28. Ng3 Rxe3 29. N3xe4 Rxe4 30. Qxe4 Nd2+ 31. Ke2 Nxe4 0-1


[Site "https://www.chess.com"]

[Event "Titled Tuesday Blitz June 6 Late 2023"]
[White "Camilla_Lee"]
[Black "Najer, Evgeniy"]
[BlackFideId "4118987"]
[WhiteElo "2511"]
[BlackElo "2545"]
[Result "0-1"]
[Round "7"]
[TimeControl "180+2"]
[Date "2023.06.07"]
[WhiteClock "0:00:10"]
[BlackClock "0:00:16"]
[Board "45"]

1. e4 c6 2. d4 d5 3. Nc3 dxe4 4. Nxe4 Bf5 5. Ng3 Bg6 6. h4 h6 7. Nf3 Nd7 8. h5 Bh7 9. Bd3 Bxd3 10. Qxd3 e6 11. Bf4 Qa5+ 12. Bd2 Bb4 13. c3 Be7 14. c4 Qc7 15. Rc1 Ngf6 16. Ne4 Rd8 17. Nxf6+ Nxf6 18. Qe2 O-O 19. Bc3 b5 20. cxb5 cxb5 21. Qxb5 Qf4 22. Bd2 Qg4 23. Kf1 Rd5 24. Qb7 Bd6 25. Rh4 Qf5 26. Qxa7 Nxh5 27. Qa6 Nf6 28. Qe2 Ra8 29. a3 Rb5 30. Be3 Nd5 31. Qc2 Qf6 32. Rh3 g5 33. Nd2 Qg7 34. Ne4 Be7 35. Rf3 f5 36. Ng3 f4 37. Ne4 fxe3 38. fxe3 g4 39. Qc6 gxf3 40. Qxa8+ Kh7 41. gxf3 Rxb2 0-1


[Site "https://www.chess.com"]

[Event "Titled Tuesday Blitz June 6 Late 2023"]
[White "Ozer, Omer Faruk"]
[Black "Garcia Cuenca, Victor"]
[WhiteFideId "6354564"]
[BlackFideId "2250829"]
[WhiteElo "2260"]
[BlackElo "2329"]
[Result "1-0"]
[Round "7"]
[TimeControl "180+2"]
[Date "2023.06.07"]
[WhiteClock "0:01:31"]
[BlackClock "0:00:30"]
[Board "46"]

1. d4 Nf6 2. c4 c5 3. d5 b5 4. e4 Nxe4 5. Bd3 Nf6 6. Nc3 b4 7. Nce2 d6 8. Nf4 g6 9. h4 h5 10. Nf3 Bh6 11. Ng5 Bf5 12. Bxf5 gxf5 13. Qc2 Qd7 14. b3 Bg7 15. Bb2 Kf8 16. O-O-O Kg8 17. Rde1 Na6 18. Re3 Ng4 19. Bxg7 Kxg7 20. Rg3 Nc7 21. f3 e5 22. dxe6 fxe6 23. fxg4 hxg4 24. Rxg4 fxg4 25. Qg6+ Kf8 26. Nfxe6+ Nxe6 27. Nxe6+ Ke7 28. Qg7+ Kxe6 29. Re1+ Kf5 30. Qg5# 1-0


[Site "https://www.chess.com"]

[Event "Titled Tuesday Blitz June 6 Late 2023"]
[White "Hambleton, Aman"]
[Black "Fiorito, Francisco"]
[WhiteFideId "2606577"]
[BlackFideId "180165"]
[WhiteElo "2511"]
[BlackElo "2319"]
[Result "1/2-1/2"]
[Round "7"]
[TimeControl "180+2"]
[Date "2023.06.07"]
[WhiteClock "0:00:03"]
[BlackClock "0:00:08"]
[Board "47"]

1. d4 Nf6 2. Bf4 c5 3. e3 d5 4. c3 Qb6 5. Qb3 c4 6. Qc2 Nc6 7. Nd2 g6 8. e4 Nxe4 9. Nxe4 dxe4 10. Bxc4 Bg7 11. Ne2 O-O 12. Be3 Na5 13. Bd5 Bf5 14. Ng3 Rac8 15. Qe2 e6 16. Bxe4 Bxe4 17. Nxe4 Nc4 18. Rb1 Qc6 19. Qf3 Qa4 20. a3 Qc2 21. O-O b6 22. Nf6+ Bxf6 23. Qxf6 Nxe3 24. fxe3 Qe4 25. Qf4 Qc2 26. Qf2 Qe4 27. Qf3 Qc2 28. e4 a5 29. e5 b5 30. Qf2 Qb3 31. Rbe1 b4 32. axb4 axb4 33. cxb4 Qxb4 34. Rd1 Qb3 35. Rd2 Rcd8 36. Rfd1 Rd5 37. h3 Rfd8 38. Rd3 Qb7 39. R1d2 Rb5 40. Kh2 Rd7 41. Qe2 Rb3 42. Rxb3 Qxb3 43. Qd3 Qb7 44. h4 h5 45. Qe3 Qd5 46. Qf4 Qb7 47. Qe3 Qb6 48. Qc3 Qb7 49. b4 Qe4 50. Qg3 Rxd4 51. Rxd4 Qxd4 52. b5 Qb4 53. Qd3 Qxh4+ 54. Kg1 Qe1+ 55. Qf1 Qe3+ 56. Kh1 Qxe5 57. Qb1 Qg3 58. b6 Qh4+ 59. Kg1 Qd4+ 60. Kh1 Qh4+ 61. Kg1 Qd4+ 62. Kf1 Qf4+ 63. Ke2 Qe5+ 64. Kd1 Qd5+ 65. Kc1 Qc6+ 66. Kd1 Qd5+ 67. Ke1 Qe5+ 68. Kd2 Qd5+ 69. Kc3 Qc5+ 70. Kd2 Qd5+ 71. Ke3 Qe5+ 72. Kf3 Qd5+ 73. Qe4 Qb3+ 74. Qe3 Qd5+ 75. Kf2 Qa2+ 76. Kg3 Kh7 77. Qf3 e5 78. b7 Qb2 79. Qc6 h4+ 80. Kh2 h3 81. Kxh3 Kg7 82. Qc7 Qb3+ 83. Kh2 Qe3 84. b8=Q Qf4+ 85. Kh3 Qh6+ 86. Kg3 Qf4+ 87. Kh3 Qh6+ 88. Kg3 Qf4+ 89. Kh3 1/2-1/2


[Site "https://www.chess.com"]

[Event "Titled Tuesday Blitz June 6 Late 2023"]
[White "Papasimakopoulos, Alexandros"]
[Black "Becerra, Juan David"]
[WhiteFideId "4244125"]
[BlackFideId "4404998"]
[WhiteElo "2359"]
[BlackElo "2304"]
[Result "0-1"]
[Round "7"]
[TimeControl "180+2"]
[Date "2023.06.07"]
[WhiteClock "0:00:16"]
[BlackClock "0:00:30"]
[Board "48"]

1. Nf3 d5 2. b3 Bg4 3. Ne5 Bf5 4. Bb2 f6 5. Nf3 e5 6. e3 Bd6 7. d4 e4 8. Nfd2 Ne7 9. c4 c6 10. Ba3 Bxa3 11. Nxa3 O-O 12. Nab1 Qd7 13. Nc3 Bg4 14. Be2 Bxe2 15. Qxe2 f5 16. g3 Na6 17. a3 Kh8 18. h4 c5 19. dxc5 d4 20. exd4 Qxd4 21. Rc1 Nxc5 22. O-O Nd3 23. Rc2 Ng6 24. Nd5 Nge5 25. Kg2 Rad8 26. Qe3 Rxd5 27. cxd5 Qxd5 28. Nc4 f4 29. gxf4 Nxf4+ 30. Kh1 Nf3 31. Nd2 Qf5 32. Nxf3 Qh3+ 33. Nh2 Qg2# 0-1


[Site "https://www.chess.com"]

[Event "Titled Tuesday Blitz June 6 Late 2023"]
[White "Moral Garcia, Serafin"]
[Black "Sieciechowicz, Marcin"]
[WhiteFideId "2201925"]
[BlackFideId "1130170"]
[WhiteElo "2274"]
[BlackElo "2301"]
[Result "1-0"]
[Round "7"]
[TimeControl "180+2"]
[Date "2023.06.07"]
[WhiteClock "0:00:18"]
[BlackClock "0:00:07"]
[Board "49"]

1. e4 c5 2. Nf3 d6 3. d4 cxd4 4. Nxd4 Nf6 5. Nc3 a6 6. Be3 e5 7. Nf3 Be7 8. Bc4 Be6 9. Bb3 Nc6 10. O-O Rc8 11. Bg5 Qd7 12. Bxf6 Bxf6 13. Nd5 Bd8 14. c3 O-O 15. Ne1 Kh8 16. Nc2 f5 17. exf5 Bxf5 18. Nce3 Be6 19. Qd3 Qf7 20. f4 Qg8 21. Qe4 exf4 22. Rxf4 Rxf4 23. Qxf4 Ne5 24. Rf1 h6 25. Qe4 Bg5 26. Nf5 Rf8 27. h4 Bd8 28. Rf4 Qh7 29. Nxd6 Rxf4 30. Qxf4 Qb1+ 31. Qf1 Qxf1+ 32. Kxf1 b5 33. h5 Nd3 34. Nb4 Bxb3 35. axb3 Nxb4 36. cxb4 Be7 37. Ne4 Bxb4 38. Ke2 Kg8 39. Kd3 Kf7 40. Kd4 Ke6 41. Nc5+ Kf5 42. Nxa6 Kg4 43. Nxb4 1-0


[Site "https://www.chess.com"]

[Event "Titled Tuesday Blitz June 6 Late 2023"]
[White "Nazari, Arad"]
[Black "Krsnik Cohar, Ivan Vihor"]
[WhiteFideId "12577324"]
[BlackFideId "14520044"]
[WhiteElo "2175"]
[BlackElo "2414"]
[Result "1-0"]
[Round "7"]
[TimeControl "180+2"]
[Date "2023.06.07"]
[WhiteClock "0:00:17"]
[BlackClock "0:00:11"]
[Board "50"]

1. e4 c5 2. Nf3 g6 3. d4 cxd4 4. Nxd4 Nf6 5. f3 Nc6 6. c4 Bg7 7. Be3 d6 8. Nc3 Bd7 9. Be2 Nxd4 10. Bxd4 a5 11. b3 Bc6 12. Rc1 O-O 13. O-O Nd7 14. Be3 Be5 15. Qd2 e6 16. Rfd1 Qh4 17. g3 Bxg3 18. hxg3 Qxg3+ 19. Kf1 Qh3+ 20. Ke1 Qh1+ 21. Bf1 Qxf3 22. Qf2 Bxe4 23. Qxf3 Bxf3 24. Rxd6 Nf6 25. Bd4 Ng4 26. Be2 Bxe2 27. Kxe2 e5 28. Bb6 Nh6 29. Nd5 Nf5 30. Rd7 h5 31. Rg1 Kg7 32. Rxb7 h4 33. Kf3 h3 34. Rh1 Rh8 35. Ne3 e4+ 36. Kf2 Rh4 37. Nxf5+ gxf5 38. Bd4+ Kg6 39. Rb6+ Kh5 40. Rf6 Rf4+ 41. Ke2 Kg4 42. Rg1+ Kh5 43. Rxf7 Rg4 44. Rh7+ Kg6 45. Rxh3 Rd8 46. Be3 Rd3 47. Rxg4+ fxg4 48. Rh4 Kf5 49. Rh5+ Kf6 50. c5 Rc3 51. Bd4+ Kg6 52. Bxc3 Kxh5 53. c6 g3 54. c7 g2 55. Bd4 1-0


[Site "https://www.chess.com"]

[Event "Titled Tuesday Blitz June 6 Late 2023"]
[White "Arnaudov, G. Petar"]
[Black "Hajiyev, Kanan"]
[WhiteFideId "2907127"]
[BlackFideId "13404148"]
[WhiteElo "2430"]
[BlackElo "2115"]
[Result "0-1"]
[Round "7"]
[TimeControl "180+2"]
[Date "2023.06.07"]
[WhiteClock "0:00:44"]
[BlackClock "0:00:28"]
[Board "51"]

1. Nf3 d5 2. g3 Nf6 3. Bg2 g6 4. c4 Bg7 5. b3 O-O 6. Bb2 c6 7. d3 Bg4 8. Nbd2 Nbd7 9. O-O Re8 10. h3 Bxf3 11. Nxf3 e5 12. cxd5 Nxd5 13. Nd2 a5 14. a3 Qe7 15. Qc2 f5 16. e4 Nc7 17. exf5 gxf5 18. Rfe1 Qf7 19. Nc4 f4 20. Nd6 Qg6 21. Be4 Qxd6 22. Kh1 fxg3 23. Rg1 Nc5 24. Rxg3 Nxe4 25. dxe4 Kh8 26. Rd1 Qe7 27. Rdg1 Rg8 28. f4 Bf6 29. Qc3 Nb5 30. Qxe5 Bxe5 31. Bxe5+ Qxe5 32. fxe5 Rxg3 33. Rxg3 Nxa3 34. Rd3 Re8 35. Rd7 b5 36. Rc7 Rxe5 37. Rxc6 Rxe4 38. Ra6 Rb4 39. Rxa5 Rxb3 40. Kg2 Nc4 41. Ra7 b4 42. h4 h5 43. Rc7 Ne3+ 44. Kf2 Ng4+ 45. Ke2 Rc3 46. Rb7 b3 47. Rb5 Nf6 48. Rb6 Kg7 49. Kd2 Rh3 50. Kc1 Kg6 51. Kd2 b2 52. Ke2 Rh1 0-1


[Site "https://www.chess.com"]

[Event "Titled Tuesday Blitz June 6 Late 2023"]
[White "Martins, Bruno Andre Leite"]
[Black "Liu, Casper"]
[WhiteFideId "1942255"]
[BlackFideId "1454153"]
[WhiteElo "2241"]
[BlackElo "2221"]
[Result "1-0"]
[Round "7"]
[TimeControl "180+2"]
[Date "2023.06.07"]
[WhiteClock "0:00:26"]
[BlackClock "0:00:02"]
[Board "52"]

1. d4 Nf6 2. c4 g6 3. Nc3 d5 4. cxd5 Nxd5 5. Bd2 Bg7 6. e4 Nxc3 7. Bxc3 O-O 8. h4 Nc6 9. Ne2 h5 10. f3 b5 11. d5 Ne5 12. Nd4 a6 13. Be2 Qd6 14. Qd2 c5 15. dxc6 Nxc6 16. Nxc6 Qxc6 17. Bxg7 Kxg7 18. Rc1 Qf6 19. Qc3 Be6 20. Qxf6+ Kxf6 21. a3 Rfd8 22. Rc2 Bb3 23. Rd2 Rac8 24. Rxd8 Rxd8 25. f4 Rc8 26. Rh3 Rc1+ 27. Kf2 Be6 28. Rc3 Rb1 29. e5+ Kg7 30. Rc2 Bf5 31. Rd2 Rc1 32. Ke3 Rg1 33. Bf3 Re1+ 34. Kd4 Rh1 35. Kc5 Rxh4 36. Rd4 Be6 37. Bb7 Rh1 38. Bxa6 Rb1 39. Rb4 Rc1+ 40. Kxb5 Rc2 41. Bb7 Bd7+ 42. Kb6 e6 43. b3 h4 44. a4 Kh6 45. a5 Ra2 46. a6 Kg7 47. a7 h3 48. gxh3 1-0


[Site "https://www.chess.com"]